 Dungeon Crawl Stone Soup version 0.27.0-1-g7a089689b8 (webtiles) character file.

Game seed: 1568519523841363154

119 sanka the Gusty (level 5, -10/42 HPs)
             Began as a Naga Air Elementalist on Aug 8, 2021.
             Mangled by a gnoll (12 damage)
             ... on level 2 of the Dungeon.
             The game lasted 00:02:28 (1858 turns).

sanka the Gusty (Naga Air Elementalist)             Turns: 1858, Time: 00:02:28

Health: -10/42     AC:  2    Str: 10    XL:     5   Next: 3%
Magic:  0/8        EV: 10    Int: 16    God:
Gold:   84         SH:  0    Dex: 12    Spells: 5/8 levels left

rFire    . . .     SeeInvis +   (no weapon)
rCold    . . .     Faith    .   (no shield)
rNeg     . . .     Spirit   .   a - +0 robe
rPois    +         Reflect  .   (no helmet)
rElec    .         Harm     .   (no cloak)
rCorr    .         Rampage  .   (no gloves)
Will     .....                  (no barding)
Stlth    ++........             (no amulet)
HPRegen  0.14/turn              (no ring)
MPRegen  0.11/turn              (no ring)

@: short of breath, very slow
A: AC +1, large, see invisible, deformed body, poison resistance, slowness 2,
spit poison 1, naga tail 1
a: Spit Poison


You were on level 2 of the Dungeon.
You visited 1 branch of the dungeon, and saw 2 of its levels.

You collected 84 gold pieces.


Innate Abilities, Weirdness & Mutations

Your serpentine skin is tough. (AC +1)
You have supernaturally acute eyesight. (SInv)
Armour fits poorly on your strangely shaped body.
Your system is resistant to poisons. (rPois)
You cover ground very slowly.
You can spit poison.
You have a snake-like lower body.


   Skills:
 - Level 1.5 Dodging
 - Level 3.0 Stealth
 - Level 2.0 Spellcasting
 - Level 1.0 Conjurations
 + Level 5.5 Air Magic


You had 5 spell levels left.
You knew the following spells:

 Your Spells              Type           Power      Damage    Failure   Level
z - Shock                 Conj/Air       48%        1d6       5%          1
Z - Static Discharge      Conj/Air       12%        N/A       9%          2

Your spell library contained the following spells:

 Spells                   Type           Power      Damage    Failure   Level
 Swiftness                Air            19%        N/A       6%          3
 Airstrike                Air            9%         N/A       22%         4

Inventory:

Armour
 a - a +0 robe (worn)
 c - a +0 helmet
Scrolls
 b - a scroll of acquirement {unknown}
 d - a scroll of identify {unknown}
 g - a scroll of immolation {unknown}
Potions
 e - a potion of lignification {unknown}
 f - a potion of resistance {unknown}

Dungeon Overview and Level Annotations

Branches:
Dungeon (2/15)

Altars:

▒.▒ ▒.▒▒ ▒▒...▒ ▒.▒
▒▒.▒▒▒.▒▒.▒ ▒.▒ ▒▒.▒.▒▒▒.▒
▒(▒ ▒▒.▒▒ ▒.▒ ▒▒▒.▒▒▒▒▒▒ ▒.▒
▒.▒ ▒........▒ ▒▒▒▒▒.▒ ▒.▒
▒.▒.▒▒▒▒.▒ ▒.....▒ ▒.▒ ▒▒
▒.▒.▒ ▒.▒▒▒.▒.▒.▒▒▒▒.▒▒▒▒▒.
▒.▒.▒▒▒▒.▒▒N.g▒▒▒g...>......
▒.▒............▒.▒)▒▒.▒▒▒▒▒.
▒.▒▒▒▒▒▒<▒▒.....▒▒.▒▒.▒ ▒▒.
▒.▒ ▒.....▒.▒▒▒.▒▒.▒▒▒▒..
▒.▒ ▒..▒▒▒▒.▒ ▒g▒▒.†....▒
▒.▒ ▒..▒ ▒.▒ ▒.▒▒...)...
▒.▒▒▒▒▒▒..▒ ▒.▒ ▒.▒▒..▒▒..▒
........▒ ▒.▒ ▒.▒▒.▒▒▒▒..
▒▒▒▒▒▒▒.▒ ▒.▒ ▒)▒▒.▒ ▒▒.


You could see a gnoll (poisoned).


Message History

The gnoll hits you from afar with a +0 halberd!
You have got your breath back.
Use which ability? (? or * to list)
Aim: a gnoll, wielding a +0 halberd (severely wounded)
The splash of poison misses the gnoll.
The splash of poison hits the gnoll!
You kill the gnoll!
The gnoll barely misses you.
You have reached level 5!
You have got your breath back.
The gnoll hits you from afar with a +0 halberd!
* * * LOW HITPOINT WARNING * * *
Aiming: Shock (safe; 5% risk of failure)
The zap misses the gnoll.
The gnoll closely misses you.
Aiming: Shock (safe; 5% risk of failure)
The zap hits the gnoll.
The gnoll is severely wounded.
The gnoll hits you from afar with a +0 halberd!
* * * LOW HITPOINT WARNING * * *
Unknown command.
The gnoll hits you from afar with a +0 halberd.
* * * LOW HITPOINT WARNING * * *
Use which ability? (? or * to list)
Aim: a gnoll, wielding a +0 halberd (heavily wounded)
The splash of poison hits the gnoll but does no damage.
The gnoll is poisoned.
The gnoll is heavily wounded.
The gnoll hits you from afar with a +0 halberd!
You die...

Action                   |  1- 3 |  4- 6 || total
-------------------------+-------+-------++-------
Melee: Unarmed           |    16 |       ||    16
 Cast: Shock             |    45 |    32 ||    77
 Abil: Spit Poison       |     6 |     3 ||     9
Armor: Robe              |     2 |       ||     2
       Skin              |     1 |       ||     1
Dodge: Dodged            |    12 |     3 ||    15

Levels and vault maps discovered:
D:1:      dpeg_arrival_more_subterranean_lakeside_camping, layout_basic,
          minmay_misc_feat_iff, hex_tiny
D:2:      layout_loops_ring, ebering_ecumenical_altar_petrified,
          palyth_stone_intersect, uniq_terence

Notes
Turn   | Place    | Note
-------+----------+-------------------------------------------
     0 | D:1      | sanka the Naga Air Elementalist began the quest for the
                  | Orb.
     0 | D:1      | Reached XP level 1. HP: 15/15 MP: 3/3
   333 | D:1      | Reached XP level 2. HP: 22/22 MP: 1/5
   816 | D:1      | Reached skill level 4 in Air Magic
   840 | D:1      | Learned a level 2 spell: Static Discharge
   850 | D:1      | Reached XP level 3. HP: 28/28 MP: 0/6
  1217 | D:2      | Noticed Terence
  1263 | D:2      | Killed Terence
  1264 | D:2      | Reached XP level 4. HP: 36/36 MP: 5/7
  1328 | D:2      | Reached skill level 5 in Air Magic
  1677 | D:2      | Found a faded altar of an unknown god.
  1852 | D:2      | Reached XP level 5. HP: 27/42 MP: 1/8
  1856 | D:2      | HP: 4/42 [gnoll (15)]
  1858 | D:2      | Mangled by a gnoll

Vanquished Creatures
  Terence (D:2)
  3 adders (D:2)
  3 gnolls (D:2)
  4 dart slugs
  A ball python (D:1)
  4 endoplasms
  A giant cockroach (D:1)
  2 goblins (D:1)
  3 hobgoblins
  3 jackals (D:1)
  3 quokkas (D:1)
  4 bats
  A kobold (D:1)
33 creatures vanquished.

Vanquished Creatures (others)
  A withered plant (D:2)
1 creature vanquished.

Grand Total: 34 creatures vanquished
